Cogmind - Beta 12 @@@ ROGUE MODE // 2023.11.24 @ 21:58:35 Player: Dosh Result: Destroyed by X-62 Marksman with Pulse Rifle Performance ------------- Evolutions (2) 1000 Regions Visited (5) 1000 Robots Destroyed (66) 330 Value Destroyed (2238) 2238 Prototype IDs (27) 540 Alien Tech Used (0) 0 Bonus (417) 417 TOTAL SCORE: 5525 Bonus ------- High Alert Combat Kills 117 Aligned with FarCom 300 Cogmind --------- Core Integrity 0/550 Matter 266/300 Energy 187/265 System Corruption 4% Temperature Warm (180) Movement Walking (110) Location -8/Materials Parts ------- > --- POWER (1) -------- Improved Ion Engine > --- PROPULSION (3) --- VSS Leg Improved Carbon-fiber Leg Improved Carbon-fiber Leg > --- UTILITY (5) ------ Large Storage Unit Advanced Targeting Computer Core Analyzer Hardened Medium Armor Plating > --- WEAPON (2) ------- EM Pulse Cannon Heavy Assault Rifle > --- INVENTORY (15) --- Light Treads Advanced Treads Carbon-fiber Leg VSS Leg VSS Leg Heat Sink Sensor Array Signal Interpreter Improved Terrain Scanner Heavy Armor Plating Trap Reconfigurator Light EM Pulse Cannon Peak State ------------ > --- POWER ------------ Improved Ion Engine > --- PROPULSION ------- VSS Leg Improved Carbon-fiber Leg Improved Carbon-fiber Leg > --- UTILITY ---------- Large Storage Unit Core Analyzer Armor Integrity Analyzer Hardened Medium Armor Plating Trap Reconfigurator > --- WEAPON ----------- High-powered Shotgun Light Cannon > --- INVENTORY -------- Light Treads Carbon-fiber Leg Carbon-fiber Leg VSS Leg Wheel Compact Wheel Heat Sink High-capacity Storage Unit Sensor Array Signal Interpreter Terrain Scanner Improved Terrain Scanner Light EM Pulse Cannon Light EM Pulse Cannon Autogun [Rating: 40] Favorites ----------- Power Light Ion Engine Engine Light Ion Engine Power Core Light Nuclear Core Propulsion Light Treads Treads Light Treads Leg Improved Carbon-fiber Leg Utility Large Storage Unit Device Trap Reconfigurator Storage Large Storage Unit Processor Advanced Targeting Computer Protection Light Armor Plating Weapon Autogun Energy Cannon Light EM Pulse Cannon Ballistic Gun Autogun Ballistic Cannon Light Cannon Launcher Rocket Launcher Build | -11 -10 -10 -10 -9 -8 ------- Run | Jun Mat Min Exi Min Mat Slots Evolved 4 | . . . . . 4 Power . | . . . . . . Propulsion 1 | . . . . . 1 Utility 3 | . . . . . 3 Weapon . | . . . . . . Parts Attached 60 | 6 8 . . 3 43 Power 7 | 1 1 . . 1 4 Engine 5 | 1 1 . . . 3 Core 2 | . . . . 1 1 Reactor . | . . . . . . Propulsion 17 | 2 2 . . 1 12 Treads 10 | 2 2 . . 1 5 Leg 7 | . . . . . 7 Wheel . | . . . . . . Hover . | . . . . . . Flight . | . . . . . . Utility 17 | 1 3 . . 1 12 Device 6 | . 1 . . 1 4 Storage 3 | 1 1 . . . 1 Processor 4 | . . . . . 4 Hackware . | . . . . . . Protection 4 | . 1 . . . 3 Artifact . | . . . . . . Weapon 19 | 2 2 . . . 15 Energy Gun . | . . . . . . Energy Cannon 3 | . . . . . 3 Ballistic Gun 13 | 2 2 . . . 9 Ballistic Cannon 1 | . . . . . 1 Launcher 2 | . . . . . 2 Special Weapon . | . . . . . . Impact Weapon . | . . . . . . Slashing Weapon . | . . . . . . Piercing Weapon . | . . . . . . Special Melee Weapon . | . . . . . . Unidentified Prototypes . | . . . . . . Parts Lost 20 | . . . . 2 18 Power 3 | . . . . . 3 Propulsion 4 | . . . . 1 3 Utility 6 | . . . . 1 5 Weapon 7 | . . . . . 7 Highest Loss Streak 6 | . . . . 2 6 To Critical Strikes . | . . . . . . Average Slot Usage (%) 93 | . 99 100 100 98 86 Engine 8 | . 14 14 14 1 5 Core 2 | . . . . 12 3 Treads 18 | . 27 28 28 27 9 Leg 5 | . . . . . 10 Device 11 | . 8 14 14 13 12 Storage 11 | . 14 14 14 14 9 Processor 6 | . . . . . 12 Protection 5 | . 4 . . . 7 Ballistic Gun 19 | . 27 28 28 28 12 Ballistic Cannon 2 | . . . . . 4 Naked Turns . | . . . . . . Heaviest Build 44 | 12 32 30 30 32 44 Greatest Support 60 | 40 40 40 40 40 60 Greatest Overweight (x) 2 | . . . . 1 2 Average Overweight (x) . | . . . . . . Largest Inventory Capacity 20 | 8 15 15 15 15 20 Average Capacity 14 | 6 14 15 15 15 15 Most Carried 15 | 3 15 14 15 15 15 Average Carried 12 | 1 10 14 14 14 13 Final Capacity 15 | 8 15 15 15 15 15 Final Carried 15 | 3 14 14 15 14 13 Class Distribution -------------------- 51% | Mutant 24% | Skirmisher 18% | Scavenger-Mutant 5% | Scavenger-Skirmisher Dominant Class ---------------- Mutant | -10/Materials Mutant | -10/Mines Mutant | -10/Exiles Mutant | -9/Mines Skirmisher | -8/Materials Resources | -11 -10 -10 -10 -9 -8 ----------- Run | Jun Mat Min Exi Min Mat Matter Collected 2191 | 260 329 . . 146 1456 Remotely . | . . . . . . Salvage Created 2495 | . 354 . . 142 1999 Parts 159 | . 25 . . 8 126 Haulers Intercepted 1 | . . . . . 1 Recyclers Shooed 2 | . . . . . 2 Parts Field Recycled . | . . . . . . Retrieved Matter . | . . . . . . Parts Self-Destructed . | . . . . . . Prevented . | . . . . . . Kills | -11 -10 -10 -10 -9 -8 ------- Run | Jun Mat Min Exi Min Mat Combat Hostiles Destroyed 48 | . 9 . . 4 35 Melee 1 | . . . . . 1 Guns 32 | . 6 . . 4 22 Cannons 9 | . . . . . 9 AOE 6 | . 3 . . . 3 Classes Destroyed 16 | . 5 . . . 11 Worker 3 | . . . . . 3 Builder 1 | . 1 . . . . Tunneler 2 | . 1 . . . 1 Hauler 1 | . . . . . 1 Recycler 5 | . . . . . 5 Mechanic 1 | . . . . . 1 Watcher 5 | . 2 . . . 3 Swarmer 3 | . 3 . . . . Cutter 4 | . . . . . 4 Grunt 25 | . 6 . . 4 15 Brawler 2 | . . . . . 2 Duelist 1 | . . . . . 1 Sentry 4 | . . . . . 4 Specialist 7 | . . . . . 7 Hunter 1 | . . . . . 1 Heavy 1 | . . . . . 1 Best Kill Streak 5 | . 4 . . 3 5 Combat Bots Only 5 | . 3 . . 3 5 Max Kills in Single Turn 3 | . 3 . . 1 3 Gunslinging . | . . . . . . Exploded 3 | . 3 . . . 1 Melee 1 | . . . . . 1 Uniques/NPCs Destroyed . | . . . . . . Combat | -11 -10 -10 -10 -9 -8 -------- Run | Jun Mat Min Exi Min Mat Damage Taken 3776 | . 391 . . 406 2979 Core 638 | . 36 . . 38 564 Absorbed by Shields 64 | . . . . . 64 Regen/Repaired (Parts) 362 | . 161 . . . 201 Core Remaining (%) 85 | 100 . . . 70 . Volleys Fired 215 | . 39 . . 14 162 Largest 2 | . 2 . . 2 2 Hottest 86 | . 46 . . 46 86 Shots Fired 418 | . 78 . . 28 312 Gun 326 | . 78 . . 28 220 Cannon 86 | . . . . . 86 Launcher 6 | . . . . . 6 Special . | . . . . . . Kinetic 387 | . 78 . . 28 281 Thermal . | . . . . . . Explosive 6 | . . . . . 6 Electromagnetic 25 | . . . . . 25 Robot Hit Streak 20 | . 9 . . 6 20 Robot Miss Streak 4 | . 4 . . 3 3 Penetration Max . | . . . . . . Secondary Targets 2 | . 1 . . 1 . Max Gunslinging Chain 1 | . 1 . . 1 . Shots Hit Robots 297 | . 45 . . 16 236 Core Hits 124 | . 17 . . 7 100 Critical Kills . | . . . . . . Critical Parts Destroyed 2 | . . . . . 2 Critical Strikes 4 | . . . . . 4 Destroy 2 | . . . . . 2 Blast 2 | . . . . . 2 Melee Attacks . | . . . . . . Impact . | . . . . . . Slashing . | . . . . . . Piercing . | . . . . . . Sneak Attacks . | . . . . . . Combat Hostiles . | . . . . . . Follow-up Attacks . | . . . . . . Damage Inflicted 5574 | . 969 . . 243 4362 Guns 3343 | . 584 . . 243 2516 Cannons 1206 | . . . . . 1206 Explosions 978 | . 374 . . . 604 Melee . | . . . . . . Ramming 47 | . 11 . . . 36 Kinetic 4135 | . 584 . . 243 3308 Thermal 106 | . . . . . 106 Explosive 872 | . 374 . . . 498 Electromagnetic 414 | . . . . . 414 Impact . | . . . . . . Slashing . | . . . . . . Piercing . | . . . . . . Highest Corruption 4 | . 1 1 1 3 4 Average Corruption 2 | . 1 1 1 1 3 Corruption Purged . | . . . . . . Corruption Blocked . | . . . . . . Effects 46 | . 9 . . 3 34 Message Errors 12 | . 4 . . . 8 Matter Fused 8 | . 1 . . 1 6 Heat Flow Errors 8 | . 2 . . . 6 Energy Discharges 2 | . . . . . 2 Data Loss (minor) 7 | . 1 . . 2 4 Data Loss (major) 2 | . 1 . . . 1 Misfires 3 | . . . . . 3 Weapon Failures 4 | . . . . . 4 Overload Shots . | . . . . . . Overflow Damage 46 | . . . . . 46 Projectiles 19 | . . . . . 19 Explosions 27 | . . . . . 27 Melee . | . . . . . . Knockbacks 8 | . 1 . . . 7 Impact 1 | . 1 . . . . Kinetic 6 | . . . . . 6 Secondary 1 | . . . . . 1 Self-Inflicted Damage 103 | . 63 . . . 40 Shots 3 | . 1 . . . 2 Rammed 4 | . 2 . . . 2 Targets Rammed 12 | . 2 . . . 10 Kicked 8 | . . . . . 8 Crushed . | . . . . . . Highest Temperature 207 | . 136 . . 68 207 Average Temperature 40 | . 22 . . 32 46 Received Heat Transfer 1272 | . 213 . . 162 897 Siege Activations . | . . . . . . Robots Corrupted . | . . . . . . Combat Hostiles . | . . . . . . Parts Fried 1 | . . . . . 1 Impact Corruptions . | . . . . . . Robots Melted . | . . . . . . Combat Hostiles . | . . . . . . Parts Melted . | . . . . . . Heat Transferred 100 | . . . . . 100 Parts Sabotaged . | . . . . . . Parts Stolen . | . . . . . . Parts Stripped . | . . . . . . Power Chain Reactions 1 | . . . . . 1 Missiles Intercepted . | . . . . . . Alert | -11 -10 -10 -10 -9 -8 ------- Run | Jun Mat Min Exi Min Mat Peak Influence 607 | . 214 40 . 105 607 Initial 40 | . . 40 . . . Average 171 | . 69 40 . 75 264 Maximum Alert Level 2 | . 1 . . . 2 Low Security (%) 65 | 100 98 100 . 100 36 Level 1 26 | . 1 . . . 48 Level 2 8 | . . . . . 15 Level 3 . | . . . . . . Level 4 . | . . . . . . Level 5 . | . . . . . . High Security . | . . . . . . Max Security . | . . . . . . Squads Dispatched 12 | . 3 . . . 9 Investigation 2 | . 1 . . . 1 Extermination . | . . . . . . Reinforcement 9 | . 2 . . . 7 Assault 1 | . . . . . 1 Garrison . | . . . . . . Intercept . | . . . . . . Searches Triggered . | . . . . . . Construction Impeded . | . . . . . . Haulers Reinforced . | . . . . . . Active Scanning Responses . | . . . . . . Cargo Convoy Interrupts . | . . . . . . Stealth | -11 -10 -10 -10 -9 -8 --------- Run | Jun Mat Min Exi Min Mat Distress Signals 10 | . 3 . . . 7 Communications Jammed . | . . . . . . Distress Signals . | . . . . . . Times Spotted 72 | . 15 . . 6 51 Peak Tracking Total 8 | . 4 . . 3 8 Tactical Retreats 4 | . 1 . . . 3 Traps | -11 -10 -10 -10 -9 -8 ------- Run | Jun Mat Min Exi Min Mat Traps Triggered 3 | . 1 . . 1 1 Indirectly . | . . . . . . Trap Hack Attempts . | . . . . . . Triggered . | . . . . . . Disarmed . | . . . . . . Reprogrammed . | . . . . . . Reused 1 | . . . . . 1 Traps Reconfigurated 4 | . . . . . 4 Traps Extracted . | . . . . . . Installed . | . . . . . . Triggered 2 | . . . . 1 1 Machines | -11 -10 -10 -10 -9 -8 ---------- Run | Jun Mat Min Exi Min Mat Machines Disabled 5 | . 2 . . . 3 Max in Single Turn 2 | . 2 . . . 1 Machines Repaired . | . . . . . . Machines Sabotaged . | . . . . . . Overloaded Fab Kills . | . . . . . . Hacking | -11 -10 -10 -10 -9 -8 --------- Run | Jun Mat Min Exi Min Mat Machines Accessed 13 | . 5 . 1 . 7 Terminals 8 | . 4 . . . 4 Fabricators . | . . . . . . Repair Stations 3 | . 1 . . . 2 Recycling Units . | . . . . . . Scanalyzers 1 | . . . . . 1 Garrison Access . | . . . . . . Total Hacks 48 | . 22 . 1 . 25 Successful 29 | . 8 . 1 . 20 Failed 19 | . 14 . . . 5 Catastrophic . | . . . . . . Database Lockouts . | . . . . . . Manual 1 | . . . 1 . . Terminals 25 | . 13 . . . 12 Fabricators . | . . . . . . Repair Stations 16 | . 9 . . . 7 Recycling Units . | . . . . . . Scanalyzers 6 | . . . . . 6 Garrison Access . | . . . . . . Terminal Hacks 12 | . 3 . 1 . 8 Record 2 | . 1 . . . 1 Prototype ID Bank 2 | . . . . . 2 Emergency Access Points 1 | . 1 . . . . Recall Investigation 1 | . . . . . 1 Hauler Manifests 3 | . 1 . . . 2 Registered Components 1 | . . . . . 1 Zone Layout 1 | . . . . . 1 EX-Prototype ID Bank 1 | . . . 1 . . Fabricator Hacks . | . . . . . . Repair Station Hacks 11 | . 5 . . . 6 Scan Component 6 | . 3 . . . 3 Repair 5 | . 2 . . . 3 Recycling Unit Hacks . | . . . . . . Scanalyzer 6 | . . . . . 6 Insert Component 3 | . . . . . 3 Analyze 3 | . . . . . 3 Garrison Access Hacks . | . . . . . . Unauthorized Hacks . | . . . . . . Terminals . | . . . . . . Fabricators . | . . . . . . Repair Stations . | . . . . . . Recycling Units . | . . . . . . Scanalyzers . | . . . . . . Garrison Access . | . . . . . . Data Cores Recovered . | . . . . . . Used . | . . . . . . Hacking Detections 11 | . 5 . . . 6 Full Trace Events 2 | . 1 . . . 1 Feedback Events . | . . . . . . Feedback Blocked . | . . . . . . Robot Schematics Acquired . | . . . . . . Robots Built . | . . . . . . Authchips . | . . . . . . Time . | . . . . . . Total Robot Build Rating . | . . . . . . Part Schematics Acquired 3 | . . . . . 3 Parts Built . | . . . . . . Authchips . | . . . . . . Time . | . . . . . . Total Part Build Rating . | . . . . . . Parts Repaired 5 | . 2 . . . 3 Time 158 | . 62 . . . 96 Parts Recycled . | . . . . . . Recycled Matter . | . . . . . . Retrieved Matter . | . . . . . . Retrieved Components . | . . . . . . Parts Scanalyzed 3 | . . . . . 3 Part Schematics Acquired 3 | . . . . . 3 Parts Damaged . | . . . . . . Bothacking | -11 -10 -10 -10 -9 -8 ------------ Run | Jun Mat Min Exi Min Mat Used RIF Installer . | . . . . . . Robots Hacked . | . . . . . . Non-combat . | . . . . . . Combat . | . . . . . . Robot Hacks Applied . | . . . . . . Relay Couplers Released . | . . . . . . Fabnet Peak Effective % . | . . . . . . Robots Rewired . | . . . . . . Allies Hacked . | . . . . . . Hacks Repelled . | . . . . . . Allies | -11 -10 -10 -10 -9 -8 -------- Run | Jun Mat Min Exi Min Mat Total Allies 2 | . . 2 . . . Largest Group 2 | . . 2 2 . . Highest-Rated Group 39 | . . 39 39 . . Highest-Rated Ally 31 | . . 31 31 . . Total Orders . | . . . . . . Ally Attacks . | . . . . . . Total Damage . | . . . . . . Kills . | . . . . . . Allies Corrupted . | . . . . . . Allies Melted . | . . . . . . Intel | -11 -10 -10 -10 -9 -8 ------- Run | Jun Mat Min Exi Min Mat Robot Analysis Total . | . . . . . . Derelict Logs Recovered . | . . . . . . Drone Launches . | . . . . . . Drone Recoveries . | . . . . . . Exploration | -11 -10 -10 -10 -9 -8 ------------- Run | Jun Mat Min Exi Min Mat Turns Passed 4891 | 90 1496 120 345 412 2428 Spaces Moved 2326 | 52 807 73 216 106 1072 Core 4 | 4 . . . . . Treads 1796 | 48 807 73 216 106 546 Legs 526 | . . . . . 526 Wheels . | . . . . . . Hover . | . . . . . . Flight . | . . . . . . Fastest Speed 50 | 50 160 160 160 160 110 Average Speed 155 | 151 160 160 160 164 151 Slowest Speed 260 | 160 160 160 160 240 260 Overloaded Moves . | . . . . . . Propulsion Burnouts . | . . . . . . Robots Hopped . | . . . . . . Cave-ins Triggered . | . . . . . . Exploration Rate (%) 46 | 4 98 26 60 32 58 Regions Visited 5 Branch Regions 3 Pre-discovered Areas . | . . . . . . Known Exits Taken . | . . . . . . Unknown Exits Taken 5 | 1 1 1 1 1 . Scrap Searched . | . . . . . . Spaces Dug . | . . . . . . Terrain Destroyed 89 | . 40 . . . 49 Melee . | . . . . . . Projectile . | . . . . . . AOE 89 | . 40 . . . 49 Terrain Rammed . | . . . . . . Walls Destroyed . | . . . . . . Machines Disabled . | . . . . . . Actions | -11 -10 -10 -10 -9 -8 --------- Run | Jun Mat Min Exi Min Mat Total 3204 | 60 937 76 216 322 1593 Wait 549 | . 63 4 . 198 284 Move 2321 | 51 806 72 215 105 1072 Hop . | . . . . . . Pick Up 20 | 3 11 . 1 1 4 Fast Attach 31 | 6 5 . . . 20 Attach 19 | . 1 . . 2 16 Detach 13 | . 4 . . . 9 Swap 10 | . 2 . . 1 7 Drop 14 | . 4 . . 1 9 Fire 215 | . 39 . . 14 162 Melee . | . . . . . . Ram . | . . . . . . Kick 8 | . . . . . 8 Crush 4 | . 2 . . . 2 Escape Stasis . | . . . . . . Rewire . | . . . . . . Trap . | . . . . . . Miscellaneous . | . . . . . . Route ------- -11/Junkyard -10/Materials (discovered 4 exits: [*Mat x3] / [*Min]) -10/Mines -10/Exiles -9/Mines -8/Materials (discovered 1 exit: [*Fac]) History --------- Turn | Location | Event 7 | -11/Junkyard | Discovered new exit (range 14) 91 | -11/Junkyard | Entered Materials 300 | -10/Materials | Build established: Mutant 500 | -10/Materials | Discovered new exit (range 15) 538 | -10/Materials | Discovered new exit (range 16) 897 | -10/Materials | Discovered new exit (range 9) 1163 | -10/Materials | Discovered new exit (range 4) 1451 | -10/Materials | Repaired Lgt. Armor Plating 1488 | -10/Materials | Repaired Broken Lgt. Treads 1587 | -10/Materials | Entered Mines 1695 | -10/Mines | Deemed a non-threat by the Exiles lab entrance 1695 | -10/Mines | Discovered new exit (range 5) 1707 | -10/Mines | Entered Exiles 1707 | -10/Exiles | Accompanied by 2 allies 1737 | -10/Exiles | Led the pair of lost Derelicts to a safe place 1746 | -10/Exiles | Met 8R-AWN 1775 | -10/Exiles | Met EX-HEX 1824 | -10/Exiles | Met EX-BIN 1848 | -10/Exiles | Aligned with FarCom system 1850 | -10/Exiles | Given EX-Vault access code 1888 | -10/Exiles | Opened EX-Vault 1901 | -10/Exiles | Found Trap Reconfigurator 1932 | -10/Exiles | Warned to stay clear of 0b10 Research branches 1980 | -10/Exiles | Met EX-DEC 2033 | -10/Exiles | Discovered new exit (range 14) 2052 | -10/Exiles | Left Exiles lab with Trap Reconfigurator 2052 | -10/Exiles | Entered Mines 2393 | -9/Mines | Received a Rocket Launcher from a helpful Derelict 2421 | -9/Mines | Discovered new exit (range 12) 2464 | -9/Mines | Entered Materials 2464 | -8/Materials | Evolved 4 slots: Propulsion x1, Utility x3 2666 | -8/Materials | Build established: Skirmisher 2835 | -8/Materials | Repaired Lgt. Treads 2868 | -8/Materials | Repaired Autogun? 3251 | -8/Materials | Lost 4 parts (1p1n1u1w) 3462 | -8/Materials | Repaired Imp. Terrain Scanner 3542 | -8/Materials | Core integrity fell below 50% 3581 | -8/Materials | Lost 6 parts (1p2n2u1w) 4251 | -8/Materials | Build established: Scavenger-Mutant 4505 | -8/Materials | Discovered new exit (range 8) 4800 | -8/Materials | Core integrity fell below 20% 4827 | -8/Materials | Lost 5 parts (1p1u3w) 4864 | -8/Materials | First assault squad dispatched 4892 | -8/Materials | Destroyed by X-62 Marksman with Pulse Rifle Last Messages --------------- 04840_ R-06 Scavenger collects Particle Gun. 04841_ ALERT: Suspicious intruders detected, dispatching Specialist reinforcements to area. 04849_ R-06 Scavenger collects Lgt. Armor Plating. 04864_ ALERT: Significant disruption in Zone 5O, assault force dispatched. 04864_ Unknown Device fried. 04864_ H-61 Shepherd destroyed. 04866_ K-01 Serf cleans the Terminal. 04868_ Kicked K-01 Serf out of the way. 04868_ K-01 Serf sends out distress signal. 04869_ Acquired 2 matter. 04872_ K-01 Serf collects debris. 04874_ X-62 Marksman destroyed. 04876_ K-01 Serf collects debris. 04877_ Terminal disabled. 04879_ K-01 Serf collects debris. 04880_ System corrupted: Matter fused (-6). 04883_ Penetrated by Slug. 04883_ K-01 Serf collects debris. 04886_ Penetrated by Slug. Map ----- +----------------------------------------------------+ | #????????????????????????????????????????????????? | | #????????????????????????????????????????????????? | | #????????????????????????????????????????????????? | | #????????????????????????????????????????????????? | | #?????#########??????????????????????????????????? | | #?????# """ #??????????????????????????????????? | | #?????# """"" #??????????????????????????????????? | | ####### """"" #??????????????????????????????????? | | # # """"" #??????????????????????????????????? | | # [ # """ #??????????????????????????????????? | | # + #???????????????? ?????????????????? | | # # #????#??#???#??? #????????????????? | | # # =! #? ????????????? #????????????????? | | ### ### !=! #?????"????????? +????????????????? | | ??# #?# != #??????????????? #????????????????? | | ??# #?# #?????????? ??? #????????????????? | | ??# #?###### ##???????? ????? ##???????????????? | | ### ##################+##?##? #???????????????? | | # ##]][ ## ?? #???????????????? | | # ##]][ ## ! ?? #???????????????? | | % # ##][ ## *=!??? ????????????????? | | ## + ## ##=%%#??? ???#?????????????? | | ## %# ##= ! ## !!########## ### #?????????? | | # ########## ! [## ]#!=* + #?????????? | | # #### ###+### #%% """ #????????????? | | # % %% %% %% C#@ % """" #????????????? | | + % % % %x% "=%""""" #????????????? | | # % [#["T #? ??????????? | | ## ##### ###+####%##!"" # ???????????? | | ## ##??## ### # #u## t #????"?? ????? | | ### ###?## #?# # #%####/#########? "???????#?? | | ### ##?### ### ### #### #??????##? "???? ????? | | ###### ### + * ###?????#?? ? ??? ??? | | ### #??### ### ##%! ! ""#?#????????????????? | | ###+###### + ## """ "#?############?????? | | + ### ## "R" ""#### = #??????? | | ####+######### " " # ## #? ????? | | # = # =!=# #### # #?????#? | | = !# #=!=!# ##### !!= #??? ??? | | =! # #=![[+% + !!= #??????? | | # #=![[# " ##### != #???? ?? | | # """ # %]!# "" # # # ????? | | # R" ###### """ # ## ! ##? #??? | | +####/## """ #?##?# ! ##### ##? #?#? | | ### ## ###?## = ###?#+###+###### #??? | | #?# ###########?#?# #########?## #?## | | #?# ## #?### #! ##### #######?## | | #?# ## """"" #?### # + ##??????#? | | ### ## """"" #?#?# # ######## ##????#?#? | | # """"" #??## + """ ######## ##??##?#?# | +----------------------------------------------------+ Best States ------------- Heat Dissipation 31 Energy Generation 14 Energy Capacity 265 Matter Stores 300 Matter Capacity 300 Sight Range 16 Terrain Scan Range 16 Terrain Scan Density 10 Armor Coverage 225 Evasion (%) 55 Targeting Accuracy 8 Core Analysis 6 Armor Integrity Analysis 30 Recoil Reduction 3 Item Schematics ----------------- Adv. Treads | -8/Materials | Scanalyzed Imp. Terrain Scanner | -8/Materials | Scanalyzed Hvy. Armor Plating | -8/Materials | Scanalyzed Robot Schematics ------------------ None Fabricated ------------ Nothing Alien Tech Used ----------------- None Achievements -------------- None Challenges ------------ None Game ------ Seed AerolevCannonThruster Manual? 0 Play Time 00:27:13 Cumulative 21.1 hours Start 2023.11.24 @ 21:32:58 End 2023.11.24 @ 21:58:35 Sessions 1 Manual Loads 0 Difficulty Rogue Special Mode None Game No. 45 Rogue 45 Adventurer 0 Explorer 0 Win Type - Total 0 Types 0/0/0/0/0/0/0/0/0 Lore% 23 Gallery% 25 Achievement% 22 Wizard Run 0 Options --------- ASCII 0 Keyboard 1 Movement Numpad Keybinds 0 Fullscreen 2 Font 18/SmallcapsGlow Map View 76x50 Tactical HUD 1 Map Filters NONE Filters NONE Steam 1 RUN: 1eb7f2b8-3625-4d0a-ae81-dce4cee49b1b